 Dungeon Crawl Stone Soup version 0.16-a0-4097-gb4d75fa (webtiles) character file.

7212 Chiseanne the Destroyer (level 10, 0/65 HPs)
             Began as a Demonspawn Wanderer on Feb 25, 2015.
             Was an Elder of Vehumet.
             Slain by a wyvern (18 damage)
             ... on level 9 of the Dungeon.
             The game lasted 00:38:08 (12109 turns).

Chiseanne the Destroyer (Demonspawn Wanderer)      Turns: 12109, Time: 00:38:08

Health: 0/65       AC: 11    Str: 18    XL:     10   Next: 87%
Magic:  29/29      EV: 16    Int: 17    God:    Vehumet [****..]
Gold:   62         SH:  0    Dex: 13    Spells: 7 memorised, 14 levels left

rFire  + + .     SeeInvis .     a - +9 falchion of Mourning {slice, rElec rPois rN+ Dex-5}
rCold  . . .     Clarity  .     I - +0 leather armour {rPois}
rNeg   + . .     SustAb   .     (no shield)
rPois  +         Gourm    +     (helmet restricted)
rElec  +         Spirit   .     l - +1 cloak
rCorr  .         Warding  .     (no gloves)
rMut   .         Stasis   .     u - +1 pair of boots
MR     .....                    d - amulet of the gourmand
Stlth  ++........               G - +6 ring of strength
                                J - ring of protection from fire

@: agile, about to teleport, not resistant to hostile enchantments, unstealthy
A: horns 1, iridescent scales 1, fire resistance 1, powered by pain 2,
augmentation 1
a: Renounce Religion


You were on level 9 of the Dungeon.
You worshipped Vehumet.
Vehumet was greatly pleased with you.
You were not hungry.

You visited 1 branch of the dungeon, and saw 10 of its levels.

You collected 350 gold pieces.
You spent 288 gold pieces at shops.

Inventory:

Hand weapons
 a - the +9 falchion of Mourning (weapon) {slice, rElec rPois rN+ Dex-5}
   (You bought it in a shop on level 6 of the Dungeon)

   It inflicts extra damage upon your enemies.
   It affects your dexterity (-5).
   It insulates you from electricity.
   It protects you from poison.
   It protects you from negative energy.
 w - a +0 blowgun
Missiles
 e - 2 throwing nets
 i - 7 silver javelins (quivered)
 L - 11 poisoned needles
 Q - 6 curare-tipped needles
Armour
 l - a +1 cloak (worn)
 u - a +1 pair of boots (worn)
 I - a +0 leather armour of poison resistance (worn)
Jewellery
 d - an amulet of the gourmand (around neck)
 G - a +6 ring of strength (right hand)
 J - a ring of protection from fire (left hand)
Magical devices
 t - a wand of magic darts (29)
 y - a wand of fire (7)
 C - a wand of polymorph (20)
Scrolls
 m - a scroll of enchant weapon {unknown}
 r - a scroll of amnesia {unknown}
 v - a scroll of fog
 E - a scroll of remove curse
 K - a scroll of immolation
 N - a scroll of identify
 W - 3 scrolls of teleportation
Potions
 c - a potion of lignification
 g - a potion of flight
 h - 5 potions of curing
 j - 5 potions of heal wounds
 n - 3 potions of might
 o - a potion of resistance
 p - a potion of restore abilities
 s - a potion of berserk rage
 x - a potion of cancellation
 z - a potion of ambrosia {unknown}
 A - 2 potions of mutation {unknown}
 D - a potion of invisibility {unknown}
 F - a potion of haste {unknown}
 O - a potion of magic {unknown}
Books
 b - the Incunabulum of the Five Orbs

   Spells                             Type                      Level
   a - Sting                          Conjuration/Poison           1
   b - Mephitic Cloud                 Conjuration/Poison/Air       3
 q - a book of Conjurations

   Spells                             Type                      Level
   a - Magic Dart                     Conjuration                  1
   b - Searing Ray                    Conjuration                  2
   c - Dazzling Spray                 Conjuration/Hexes            3
   d - Fulminant Prism                Conjuration/Hexes            4
   e - Iskenderun's Mystic Blast      Conjuration                  4
   f - Iskenderun's Battlesphere      Conjuration/Charms           5
Comestibles
 f - 7 bread rations
 k - 5 meat rations
 B - 4 beef jerkies
 H - 20 royal jellies
 M - 7 slices of pizza
 P - 3 fruits


   Skills:
 - Level 1.0 Fighting
   Level 1.0 Maces & Flails
 - Level 1.0 Throwing
 - Level 1.0 Armour
 - Level 1.0 Stealth
 * Level 11.4 Spellcasting
 * Level 11.7 Conjurations


You had 14 spell levels left.
You knew the following spells:

 Your Spells              Type           Power        Failure   Level  Hunger
a - Magic Dart            Conj           ####         1%          1    None
b - Sting                 Conj/Pois      ####         1%          1    None
c - Searing Ray           Conj           #####.       1%          2    None
d - Dazzling Spray        Conj/Hex       ####....     1%          3    None
e - Mephitic Cloud        Conj/Pois/Air  ###.....     2%          3    None
f - Iskenderun's Mystic   Conj           #####...     1%          4    ##.....
g - Conjure Flame         Conj/Fire      ####....     1%          3    None


Dungeon Overview and Level Annotations

Branches:
Dungeon (10/15)            Temple (0/1) D:6
   Lair: D:8-11         Orc: D:9-12

Altars:
Dithmenos
Fedhas
Okawaru
Qazlal
Trog
Vehumet
Yredelemnul
Beogh

Shops:
D:6 (   D:7 :   D:8 !?!!

Annotations:
D:10 Tux's ghost, powerful GrEE


Innate Abilities, Weirdness & Mutations

You have a pair of small horns on your head.
You are partially covered in iridescent scales (AC +4).
Your flesh is heat resistant.
You sometimes gain power by taking damage.
Your magical and physical power is slightly enhanced at high health.


Message History

The killer bee barely misses you. The big kobold hits you.
The wyvern bites you!!
You focus on the pain.
You feel agile all of a sudden. The killer bee stings you.
You climb upwards.
There is a stone staircase leading down here.
Read which item? (? for menu, Esc to quit)
As you read the scroll of teleportation, it crumbles to dust.
You feel strangely unstable. The killer bee barely misses you.
The wyvern barely misses you. The big kobold barely misses you.
The killer bee completely misses you.
The wyvern bites you but does no damage.
You hit the wyvern. You headbutt the wyvern.
The wyvern is moderately wounded.
The killer bee stings you. x2
The big kobold barely misses you. The wyvern bites you!
The killer bee stings you.
* * * LOW HITPOINT WARNING * * *
The big kobold barely misses you. The wyvern bites you!!
You die...

####.####.#######
#...............#
#.#.....#.#####.########
#.#..##.#.# #........#
#.#.......# ########.##
#†##.##.### #...# #.##.##.#
#...# #.......##########
#...# ####.#####@Dy....#
##.## ####.#####yK.....#
#.#
#.......##.......#####.####
#.##.##.##.......#........#
#..#.##.##...)...#.#.#.#..#
##.#######.......#.#.#.#..#
#......###.......#.#...#..#
#......#........##.#...#..#
#......#####..............#


You could see a wyvern, a big kobold and 2 killer bees.

Vanquished Creatures
  Erolcha (D:9)
  The ghost of Chiseanne the Covered, an experienced DsWn of Gozag (D:8)
  A hill giant (D:8)
  A queen bee (D:9)
  A two-headed ogre (D:9)
  3 yaks (D:9)
  A hog (D:8)
  3 humans
  A water moccasin (D:9)
  3 orc warriors
  2 sky beasts
  2 black bears
  An ice beast (D:6)
  3 ogres
  A phantom (D:6)
  A centaur (D:9)
  A gnoll sergeant (D:7)
  6 giant frogs
  26 killer bees (D:9)
  4 scorpions
  3 wights (D:7)
  3 crimson imps
  A jelly (D:8)
  A goliath beetle (D:7)
  7 orc priests
  A centaur skeleton (D:9)
  2 gnoll shamans
  3 hounds
  2 iguanas
  3 sheep (D:8)
  5 worker ants
  2 orc wizards
  A killer bee zombie (D:6)
  Ijyb (D:2)
  A hound zombie (D:9)
  A mummy (D:8)
  9 adders
  20 gnolls
  A shadow imp (D:6)
  3 river rats (D:6)
  5 giant mites
  5 worms
  2 adder skeletons (D:4)
  An adder zombie (D:6)
  14 giant geckos
  An ooze (D:3)
  15 orcs
  17 bats
  A bat skeleton (D:4)
  A bat zombie (D:6)
  5 giant cockroaches
  16 goblins
  13 hobgoblins
  6 jackals
  14 kobolds
  A quokka (D:4)
  3 ball pythons
  A giant gecko skeleton (D:4)
  3 giant newts
  A quokka zombie (D:6)
  18 rats
276 creatures vanquished.

Vanquished Creatures (collateral kills)
  2 killer bees (D:9)
2 creatures vanquished.

Vanquished Creatures (others)
  A killer bee (D:9)
  2 bushes (D:9)
3 creatures vanquished.

Grand Total: 281 creatures vanquished

Notes
Turn   | Place    | Note
--------------------------------------------------------------
     0 | D:1      | Chiseanne, the Demonspawn Wanderer, began the quest for the Orb.
     0 | D:1      | Chiseanne set off with: a book of Conjurations, the Incunabulum of the Five Orbs, a potion of lignification, a +0 robe, a +0 dagger, a bread ration
     0 | D:1      | Reached XP level 1. HP: 15/15 MP: 2/2
     0 | D:1      | Identified the Incunabulum of the Five Orbs
     2 | D:1      | Learned a level 1 spell: Magic Dart
     4 | D:1      | Learned a level 1 spell: Sting
   530 | D:1      | Gained mutation: You sometimes gain a little power by taking damage. [demonic ancestry]
   530 | D:1      | Reached XP level 2. HP: 21/21 MP: 0/3
  1002 | D:1      | Gained mutation: You are partially covered in iridescent scales (AC +4). [demonic ancestry]
  1002 | D:1      | Reached XP level 3. HP: 26/26 MP: 0/5
  1228 | D:1      | Reached skill level 5 in Conjurations
  1675 | D:2      | Noticed Ijyb
  1742 | D:2      | Reached XP level 4. HP: 32/32 MP: 3/7
  1812 | D:1      | Learned a level 2 spell: Searing Ray
  1816 | D:1      | Learned a level 3 spell: Dazzling Spray
  2136 | D:2      | Killed Ijyb
  2522 | D:2      | Reached XP level 5. HP: 37/37 MP: 6/10
  2933 | D:3      | Found a bloodstained altar of Trog.
  3017 | D:3      | Learned a level 3 spell: Mephitic Cloud
  4002 | D:4      | Reached skill level 6 in Conjurations
  4002 | D:4      | Reached XP level 6. HP: 43/43 MP: 3/13
  5040 | D:4      | Gained mutation: You sometimes gain power by taking damage. [demonic ancestry]
  5040 | D:4      | Reached XP level 7. HP: 36/48 MP: 1/18
  5247 | D:4      | Reached skill level 5 in Spellcasting
  5297 | D:4      | Learned a level 4 spell: Iskenderun's Mystic Blast
  5557 | D:4      | Reached skill level 7 in Conjurations
  5576 | D:5      | Entered Level 5 of the Dungeon
  5931 | D:5      | Found a radiant altar of Vehumet.
  6022 | D:5      | Became a worshipper of Vehumet
  6696 | D:5      | Found an iron altar of Okawaru.
  6894 | D:6      | Found a shadowy altar of Dithmenos.
  7026 | D:6      | Gained mutation: You have a pair of small horns on your head. [demonic ancestry]
  7026 | D:6      | Reached XP level 8. HP: 54/54 MP: 6/21
  7341 | D:6      | Reached skill level 8 in Conjurations
  7517 | D:6      | Found Kaovipp's Antique Weapon Shop.
  7520 | D:6      | Bought an encrusted falchion for 208 gold pieces
  7522 | D:6      | Identified the +9 falchion of Mourning {slice, rElec rPois rN+ Dex-5} (You bought it in a shop on level 6 of the Dungeon)
  7603 | D:6      | Acquired Vehumet's first power
  7603 | D:6      | Offered knowledge of Freeze by Vehumet.
  7831 | D:6      | Found a staircase to the Ecumenical Temple.
  8377 | D:7      | Found Bysy's Book Shoppe.
  8401 | D:7      | Found an iron altar of Okawaru.
  8404 | D:7      | Offered knowledge of Sandblast by Vehumet.
  8438 | D:7      | Reached skill level 9 in Conjurations
  8438 | D:7      | Gained mutation: Your flesh is heat resistant. [demonic ancestry]
  8438 | D:7      | Reached XP level 9. HP: 24/59 MP: 11/25
  9140 | D:8      | Noticed a hill giant
  9164 | D:8      | Killed a hill giant
  9443 | D:8      | Offered knowledge of Conjure Flame by Vehumet.
  9445 | D:8      | Found a stormy altar of Qazlal.
  9445 | D:8      | Noticed Chiseanne's ghost (experienced DsWn)
  9458 | D:7      | Learned a level 3 spell: Conjure Flame
  9505 | D:8      | Found Apib's Distillery.
  9508 | D:8      | Bought a potion of heal wounds for 80 gold pieces
  9563 | D:8      | Found Meggep's Distillery.
  9624 | D:8      | Found a basalt altar of Yredelemnul.
  9647 | D:8      | Killed Chiseanne's ghost
  9647 | D:8      | Reached skill level 10 in Conjurations
  9806 | D:8      | Found Ituerr's Distillery.
  9854 | D:8      | Found Smot's Magic Scroll Shoppe.
  9918 | D:8      | Reached skill level 10 in Spellcasting
  9918 | D:8      | Gained mutation: Your magical and physical power is slightly enhanced at high health. [demonic ancestry]
  9918 | D:8      | Reached XP level 10. HP: 30/65 MP: 28/28
 10395 | D:9      | Found a blossoming altar of Fedhas.
 10813 | D:9      | Acquired Vehumet's second power
 10822 | D:9      | Reached skill level 11 in Conjurations
 10824 | D:9      | Offered knowledge of Inner Flame by Vehumet.
 11347 | D:9      | Noticed Erolcha
 11417 | D:9      | Killed Erolcha
 11704 | D:9      | Found a roughly hewn altar of Beogh.
 11814 | D:9      | Acquired Vehumet's third power
 11877 | D:10     | Entered Level 10 of the Dungeon
 11884 | D:10     | Noticed Tux's ghost (powerful GrEE)
 12067 | D:9      | Offered knowledge of Static Discharge by Vehumet.
 12109 | D:9      | Slain by a wyvern

Action                   |  1- 3 |  4- 6 |  7- 9 | 10-12 || total
-------------------------+-------+-------+-------+-------++-------
Melee: Dagger            |     9 |     3 |       |       ||    12
       Club              |    13 |     4 |       |       ||    17
       Short sword       |       |    29 |       |       ||    29
       Mace              |       |     5 |    14 |       ||    19
       Quarterstaff      |       |       |    40 |       ||    40
       Falchion          |       |       |    73 |    53 ||   126
Throw: Throwing net      |     2 |       |       |       ||     2
       Javelin           |     7 |     2 |       |       ||     9
 Cast: Magic Dart        |    48 |   115 |    93 |    21 ||   277
       Sting             |       |    79 |   184 |   109 ||   372
       Searing Ray       |       |     4 |    10 |     6 ||    20
       Dazzling Spray    |       |     1 |     3 |       ||     4
       Mephitic Cloud    |       |     1 |    10 |    16 ||    27
       Iskenderun's Myst |       |       |     8 |     8 ||    16
       Conjure Flame     |       |       |     2 |     5 ||     7
  Use: Scroll            |     5 |     8 |     8 |     2 ||    23
       Potion            |       |       |     2 |       ||     2
 Stab: Sleeping          |       |     1 |     1 |       ||     2
  Eat: Chunk             |     3 |    12 |    16 |     7 ||    38
       Fruit             |       |       |     1 |       ||     1
       Pizza             |       |       |     1 |       ||     1
